AoeStats
← 知耻而后勇喜笑颜开

Arabia

508807166Analyzed
1v1 RM · 8d ago on Sep 24, 2026· 48m 45s· 2 players
Game mode
Random Map
Map size
Tiny (2 player)
Population
200
Speed
Normal
Resources
Standard
Victory
Conquest
Starting age
Dark Age
Ending age
Imperial Age
RankedLock teamsTeams togetherTeam positionsShared explorationLock speedFull tech treeHidden civsTurbo modeCheats
Victory
Defeat
1394
+17
🇺🇸 Bengalis · United States
1413
-17
知耻而后勇喜笑颜开
8:57 Feudal Age
9:23 Horse Collar
9:28 Double-Bit Axe
10:58 Loom
11:07 Loom
12:35 Wheelbarrow
13:55 Fletching
16:17 Gold Mining
19:32 Castle Age
18:07 Padded Archer Armor
20:34 Bow Saw
20:25 Heavy Plow
21:10 Town Watch
21:22 Town Watch
22:01 Hand Cart
23:12 Gold Shaft Mining
22:27 Stone Mining
22:55 Forging
22:52 Bodkin Arrow
24:24 Bodkin Arrow
24:45 Leather Archer Armor
24:12 Elite Skirmisher
26:06 Fervor
28:14 Sanctity
28:40 Ballistics
28:31 Masonry
33:58 Imperial Age
33:17 Stone Shaft Mining
32:59 Treadmill Crane
33:40 Forging
33:31 Scale Mail Armor
33:00 Pikeman
34:24 Malon
35:02 Iron Casting
35:13 Ring Archer Armor
35:08 Conscription
34:52 Elite Bolas Rider
36:02 Siege Engineers
37:30 Chemistry
37:43 Crop Rotation
37:00 Capped Ram
38:42 Blast Furnace
38:40 Architecture
38:27 Pikeman
39:30 Chain Mail Armor
42:28 Butalmapu
42:37 Elite Kona
ianhi5415
7:12 Loom
9:31 Feudal Age
10:37 Double-Bit Axe
10:23 Man-at-Arms
11:31 Arson
16:13 Horse Collar
20:37 Castle Age
18:39 Stone Mining
19:13 Gold Mining
20:12 Fletching
20:51 Padded Archer Armor
21:24 Bodkin Arrow
21:49 Leather Archer Armor
21:57 Bow Saw
23:25 Town Watch
24:36 Wheelbarrow
26:10 Devotion
28:10 Ballistics
30:40 Husbandry
30:50 Bloodlines
31:32 Gold Shaft Mining
32:15 Hand Cart
32:28 Paiks
35:44 Imperial Age
33:37 Light Cavalry
34:58 Masonry
36:17 Scale Barding Armor
36:23 Forging
36:50 Conscription
38:33 Architecture
38:20 Elite Skirmisher
39:49 Bracer
40:49 Ring Archer Armor
41:05 Chain Barding Armor
43:45 Plate Barding Armor
45:12 Chemistry
45:02 Iron Casting
44:44 Long Swordsman
45:34 Gambesons
45:48 Two-Handed Swordsman
46:37 Scale Mail Armor
47:38 Blast Furnace
47:22 Squires
48:52 Chain Mail Armor
Connection lost

Rejoining the realm…

Still unreachable

The connection could not be restored.

Session expired

The server has moved on; the page needs a fresh start.